Map: Defender's Landing LE

Players

Serral

  • Race: Zerg Zerg
  • Spawn Location: 1:00

PtitDrogo - Winner!

  • Race: Protoss Protoss
  • Spawn Location: 7:00

Event: WCS Jonkoping 2017

VOD

Have the link to the VOD?

Description

Time

  • Played on: June 19, 2017, 6:59 a.m.
  • Length: 16:32

All games in this series

Show
View Real Time Build Order
Export as new Build Order

Serral Zerg 

Build Orders: Pool First 

Get SALT Encoding   

  12  0:18  Spawning Pool  
  11  0:22  Drone  
  11  0:27  Drone  
  13  0:31  Drone  
  14  0:40  Overlord  
  14  1:05  Queen, Zergling x6  
  19  1:18  Zergling x2  
  20  1:27  Zergling x2  
  21  1:40  Overlord  
  21  1:52  Zergling x2  
  22  2:02  Zergling x2  
  23  2:11  Zergling x2  
  23  2:16  Zergling x4  
  23  2:20  Drone  
  26  2:25  Drone  
  27  2:34  Queen  
  27  2:36  Extractor, Hatchery, Drone  
  26  2:53  Overlord  
  26  2:54  Drone x2  
  26  2:55  Drone  
  29  3:10  Overlord  
  28  3:16  Drone x2  
  28  3:19  Drone  
  29  3:20  Drone  
  28  3:30  Drone  
  29  3:34  Queen  
  31  3:43  Drone  
  32  3:49  Drone  
  32  3:50  Drone x3  
  36  3:59  Metabolic Boost  
  36  4:07  Hatchery  
  35  4:14  Zergling x4  
  35  4:15  Zergling x2  
  39  4:17  Drone  
  39  4:21  Overlord  
  39  4:23  Drone  
  40  4:24  Drone  
  40  4:26  Drone  
  40  4:30  Drone  
  44  4:31  Drone  
  44  4:33  Drone  
  44  4:37  Drone x2  
  47  4:43  Overlord  
  47  4:46  Drone  
  47  4:50  Extractor  
  47  4:51  Overlord  
  47  4:53  Drone x3  
  50  5:00  Roach Warren  
  50  5:01  Drone  
  50  5:04  Drone  
  50  5:05  Drone  
  52  5:07  Drone  
  52  5:08  Drone  
  52  5:12  Overlord  
  54  5:17  Extractor, Lair  
  53  5:23  Drone x3  
  53  5:25  Drone  
  57  5:32  Drone  
  57  5:33  Zergling x6  
  61  5:39  Spore Crawler  
  61  5:40  Roach x2  
  61  5:41  Roach  
  66  5:49  Roach, Overlord  
  70  5:50  Roach  
  70  5:55  Drone x2  
  70  5:56  Drone, Overlord  
  73  6:00  Overlord  
  73  6:03  Overlord  
  73  6:12  Roach x4  
  79  6:24  Overlord  
  79  6:29  Overlord  
  79  6:31  Roach x6  
  79  6:32  Roach  
  91  6:37  Overlord  
  91  6:38  Zergling x6  
  94  6:42  Overlord  
  94  6:48  Drone x2  
  94  6:49  Extractor  
  94  6:51  Overlord  
  95  6:55  Zergling x8  
  95  7:00  Ravager  
  100  7:04  Zergling x2  
  100  7:05  Zergling x18  
  100  7:07  Ravager x3  
  100  7:08  Ravager x2  
  116  7:10  Overlord  
  116  7:15  Zergling x2  
  117  7:17  Ravager  
  117  7:20  Zergling x4  
  119  7:28  Ravager  
  120  7:36  Zergling x14  
  116  7:40  Ravager  
  116  7:41  Zergling x4  
  116  7:42  Zergling x6  
  104  7:50  Zergling x2  
  91  7:54  Zergling x8  
  91  7:55  Ravager x2  
  97  7:59  Extractor x2  
  97  8:01  Hatchery, Drone x5  
  97  8:02  Drone  
  97  8:04  Zergling x2  
  101  8:06  Glial Reconstitution  
  101  8:08  Zergling x2  
  101  8:09  Queen  
  103  8:15  Overlord  
  99  8:20  Roach  
  99  8:21  Roach x5  
  111  8:27  Roach x3  
  111  8:31  Overlord  
  111  8:33  Roach x2  
  120  8:45  Roach  
  120  8:46  Roach x5  
  128  9:01  Drone x3  
  128  9:02  Drone x3  
  131  9:03  Ravager x3  
  131  9:06  Zergling x2, Roach x4  
  143  9:13  Zergling x4  
  143  9:14  Zergling x2  
  146  9:23  Roach x3  
  152  9:28  Zergling x12  
  152  9:29  Ravager x3  
  155  9:37  Roach x4  
  140  9:49  Roach  
  140  9:50  Roach x6  
  140  9:51  Zergling x2  
  140  9:52  Zergling x2  
  136  9:59  Ravager x2  
  132  10:00  Zergling x2  
  132  10:01  Zergling x12  
  128  10:13  Zergling x4, Roach x4  
  128  10:14  Zergling x2, Roach  
  118  10:23  Zergling x2  
  118  10:24  Zergling x6  
  118  10:26  Overseer  
  122  10:31  Ravager  
  122  10:32  Ravager x3  
  122  10:34  Zergling x18  
  135  10:42  Roach x3  
  128  10:52  Roach  
  128  10:53  Roach x3  
  127  10:57  Roach x5  
  127  10:58  Roach x2  
  139  11:08  Zergling x6, Roach x4  
  142  11:15  Zergling x4, Roach x3  
  144  11:22  Ravager x2  
  146  11:26  Roach x3  
  152  11:34  Overlord x3  
  124  11:55  Roach x2  
  124  11:56  Roach x6  
  124  12:04  Zergling x10  
  124  12:06  Queen x4  
  119  12:14  Roach x3  
  119  12:21  Roach x4  
  127  12:25  Hydralisk Den  
  127  12:27  Roach x2  
  130  12:36  Ravager  
  130  12:37  Extractor, Ravager, Drone x3  
  134  12:54  Hydralisk, Muscular Augments  
  134  12:55  Hydralisk x6  
  146  13:06  Hydralisk x4  
  145  13:17  Hydralisk x4  
  149  13:24  Extractor, Drone x3  
  149  13:26  Hydralisk, Overlord  
  149  13:27  Hydralisk x2  
  151  13:33  Hydralisk x2  
  161  13:39  Hydralisk x2  
  161  13:48  Hydralisk x2  
  159  13:49  Zergling x8  
  159  13:50  Zergling x4  
  164  14:02  Hydralisk  
  164  14:03  Hydralisk x4  
  167  14:19  Hydralisk  
  167  14:20  Hydralisk x6  
  131  14:26  Hydralisk x2  
  131  14:27  Roach  
  124  14:36  Hydralisk x3  
  128  14:42  Zergling x4  
  128  14:43  Zergling x6  
  129  14:52  Hydralisk  
  113  14:53  Hydralisk x3  
  107  15:04  Hydralisk x3  
  93  15:09  Zergling x4  
  93  15:13  Hydralisk  
  95  15:17  Hydralisk  
  95  15:18  Hydralisk  
  99  15:22  Hydralisk  
  99  15:24  Hydralisk  
  99  15:28  Hydralisk  
  103  15:33  Hydralisk  
  107  15:35  Hydralisk  
  107  15:37  Hydralisk  
  107  15:40  Hydralisk  
  109  15:51  Hydralisk x3  
  114  15:57  Hydralisk  
  114  16:03  Hydralisk  
Show
View Real Time Build Order
Export as new Build Order

PtitDrogo Protoss - Winner!

Build Orders: Zealot Archon 

Get SALT Encoding   

  12  0:01  Probe (Chrono Boost)  
  13  0:11  Probe (Chrono Boost)  
  14  0:18  Pylon  
  14  0:22  Probe (Chrono Boost)  
  15  0:37  Probe (Chrono Boost)  
  15  0:40  Gateway  
  16  0:47  Probe (Chrono Boost)  
  16  0:48  Assimilator  
  17  0:58  Probe (Chrono Boost)  
  18  1:08  Probe (Chrono Boost)  
  19  1:19  Probe (Chrono Boost)  
  19  1:21  Pylon  
  20  1:28  Zealot (Chrono Boost), Cybernetics Core  
  22  1:34  Pylon  
  22  1:35  Probe  
  24  1:47  Probe  
  24  1:52  Zealot (Chrono Boost)  
  25  1:59  Probe (Chrono Boost)  
  26  2:11  Mothership Core (Chrono Boost)  
  29  2:30  Probe (Chrono Boost)  
  29  2:40  Nexus  
  29  2:45  Probe  
  30  2:56  Pylon  
  30  2:58  Probe  
  31  3:10  Assimilator  
  30  3:14  Adept (Chrono Boost)  
  30  3:17  Probe  
  31  3:29  Probe  
  33  3:41  Probe  
  33  3:42  Stalker (Chrono Boost)  
  35  3:51  Probe  
  35  3:53  Probe  
  35  3:54  Warp Gate (Chrono Boost)  
  37  3:57  Pylon  
  37  4:03  Probe  
  37  4:05  Probe  
  37  4:06  Sentry  
  41  4:15  Probe  
  41  4:17  Pylon, Probe  
  42  4:21  Gateway  
  42  4:23  Gateway  
  43  4:27  Probe  
  43  4:29  Probe, Sentry  
  47  4:39  Probe  
  47  4:40  Robotics Facility  
  47  4:42  Probe  
  49  4:51  Pylon  
  49  4:52  Probe (Chrono Boost)  
  50  4:54  Probe (Chrono Boost)  
  51  5:01  Sentry  
  51  5:05  Probe (Chrono Boost)  
  51  5:06  Probe (Chrono Boost)  
  55  5:16  Probe (Chrono Boost)  
  55  5:17  Probe (Chrono Boost)  
  55  5:20  Assimilator  
  57  5:22  Assimilator  
  57  5:25  Probe (Chrono Boost)  
  57  5:27  Immortal (Chrono Boost)  
  57  5:28  Probe  
  63  5:36  Probe  
  63  5:39  Nexus  
  63  5:40  Probe  
  65  5:42  Pylon  
  65  5:46  Probe  
  66  5:50  Twilight Council  
  66  5:52  Probe  
  66  5:55  Forge  
  66  5:57  Probe  
  67  5:58  Sentry  
  67  6:02  Sentry  
  67  6:03  Observer (Chrono Boost)  
  73  6:04  Probe  
  73  6:07  Probe  
  73  6:08  Sentry, Phoenix  
  77  6:16  Probe  
  77  6:18  Probe  
  78  6:19  Charge  
  78  6:29  Probe  
  78  6:30  Immortal (Chrono Boost)  
  78  6:31  Probe  
  78  6:32  Protoss Ground Weapons Level 1 (Chrono Boost)  
  84  6:38  Gateway  
  84  6:39  Gateway  
  84  6:42  Gateway  
  84  6:44  Probe  
  84  6:45  Probe  
  86  7:00  Zealot x3, Templar Archives  
  92  7:03  Pylon  
  92  7:11  Photon Cannon  
  92  7:13  Immortal  
  96  7:20  Probe  
  96  7:21  Pylon  
  95  7:25  Zealot x3  
  101  7:35  Zealot x2  
  83  7:45  Zealot  
  83  7:46  Zealot x2  
  85  7:52  Immortal  
  85  7:53  Gateway  
  85  7:54  High Templar  
  85  7:55  High Templar  
  85  7:58  Probe  
  93  7:59  Probe, Archon  
  93  8:01  Gateway  
  93  8:02  High Templar x2  
  93  8:03  Probe  
  100  8:07  Zealot, Archon  
  100  8:08  Zealot  
  104  8:18  Probe  
  105  8:20  Probe x2  
  105  8:22  Photon Cannon  
  105  8:25  Assimilator  
  107  8:28  Protoss Ground Weapons Level 2 (Chrono Boost)  
  107  8:29  Probe, Assimilator  
  108  8:40  Pylon  
  108  8:41  Pylon  
  108  8:46  Gateway x2  
  108  8:48  Warp Prism  
  109  8:51  Zealot  
  109  8:53  Probe  
  109  8:55  Probe x2  
  109  9:04  Probe  
  109  9:07  High Templar x2  
  109  9:08  High Templar x2  
  118  9:10  Zealot x3  
  118  9:11  Pylon, Archon  
  118  9:12  Pylon, Archon  
  122  9:45  Zealot, High Templar x2  
  114  9:46  Zealot x7  
  108  9:52  Archon  
  108  9:58  Immortal  
  98  10:10  Zealot x8  
  77  10:23  High Templar  
  77  10:24  Zealot x2, High Templar x3  
  77  10:25  Zealot x3  
  87  10:28  Archon  
  87  10:29  Archon  
  87  10:35  Nexus  
  87  10:36  Pylon  
  87  10:37  Immortal  
  87  10:38  Zealot  
  93  10:49  Zealot x5  
  89  11:01  High Templar x4  
  89  11:02  Zealot  
  97  11:06  Archon x2  
  95  11:12  Zealot x4  
  95  11:16  Immortal  
  103  11:23  Photon Cannon  
  103  11:25  Photon Cannon  
  103  11:26  High Templar x2  
  103  11:31  Archon  
  107  11:38  Zealot x3  
  107  11:39  Zealot x5  
  106  11:55  Immortal  
  106  11:59  Zealot x5  
  102  12:06  Probe  
  102  12:08  Probe  
  94  12:17  High Templar  
  94  12:18  High Templar x3  
  94  12:20  Zealot x4  
  94  12:22  Archon x2  
  110  12:23  Assimilator  
  110  12:26  Zealot  
  110  12:27  Probe  
  110  12:28  Assimilator  
  110  12:29  Probe  
  108  12:36  Observer  
  109  12:37  Probe, High Templar  
  109  12:38  Probe x2  
  109  12:41  Probe, High Templar  
  109  12:42  High Templar x2  
  109  12:43  Zealot  
  123  12:46  Archon  
  123  12:47  Archon  
  123  12:51  Probe x2  
  123  12:52  Probe  
  123  12:54  Probe  
  127  13:00  Zealot, High Templar x2  
  127  13:01  Zealot, Probe  
  127  13:02  Probe  
  127  13:05  Probe  
  128  13:16  Archon  
  126  13:20  High Templar x2  
  126  13:21  Zealot x6  
  142  13:27  Protoss Ground Weapons Level 3 (Chrono Boost)  
  142  13:28  Archon  
  142  13:30  Warp Prism  
  144  13:40  High Templar  
  144  13:41  High Templar  
  146  13:50  Archon  
  146  13:51  High Templar x2  
  146  13:52  Zealot x3  
  146  13:54  Pylon  
  156  13:55  Pylon  
  156  13:56  Archon  
  156  13:57  Pylon  
  156  14:03  Pylon  
  156  14:16  Pylon, Nexus  
  116  14:25  Zealot  
  116  14:26  Zealot x7  
  128  14:35  High Templar x2  
  132  14:40  Archon  
  132  14:47  High Templar x4  
  132  14:48  Zealot x3  
  132  14:52  Archon  
  132  14:58  Archon  
  114  15:04  Psionic Storm  
  114  15:06  Zealot  
  102  15:08  Zealot x5  
  106  15:22  High Templar x2  
  106  15:23  High Templar x2  
  114  15:29  Immortal  
  118  15:39  Zealot x6  
  130  15:55  High Templar x2  
  130  15:56  Zealot x2  
  138  15:59  Archon  
  138  16:02  Zealot x6  
Tags
 
Add a new tag
Caveats
  • Supply blocks, unpowered buildings, or Contaminate may cause inaccurate times.
  • Supply counts are checked every 10 seconds.